 Dungeon Crawl Stone Soup version 0.30-a0-940-ge5077277c9 (webtiles) character file.

Game seed: 792290861117906611

13986 Morbidden the Covered (level 11, 0/83 HPs)
             Began as a Demonspawn Gladiator on Mar 26, 2023.
             Was an Elder of Cheibriados.
             Slain by a troll (1 damage)
             ... while petrified by a basilisk
             ... on level 12 of the Dungeon.
             The game lasted 00:22:08 (11238 turns).

Morbidden the Covered (Demonspawn Gladiator)       Turns: 11238, Time: 00:22:09

Health: 0/83       AC: 13    Str: 23    XL:     11   Next: 82%
Magic:  19/19      EV:  2    Int: 30    God:    Cheibriados [****..]
Gold:   718        SH:  0    Dex: 23    Spells: 18/21 levels left

rFire   . . .      SeeInvis .    a - +2 double sword (drain)
rCold   . . .      Faith    .    (no shield)
rNeg    + + +      Spirit   .    K - +0 troll leather armour
rPois   ∞          Reflect  .    c - +0 helmet
rElec   .          Rampage  .    r - +0 cloak
rCorr   .                        (no gloves)
Will    .....                    x - +1 pair of boots
Stlth   ++                       N - amulet of the acrobat
HPRegen 1.13/turn                j - +6 ring of intelligence
MPRegen 0.16/turn                o - +4 ring of slaying

@: petrified, studying 2 skills, very slow
A: yellow scales 2, ignite blood 1, powered by death 1, demonic touch 2
a: Renounce Religion, Bend Time, Temporal Distortion, Slouch


You were on level 12 of the Dungeon.
You worshipped Cheibriados.
Cheibriados was greatly pleased with you.
You visited 2 branches of the dungeon, and saw 13 of its levels.
You also visited: Bailey.

You collected 718 gold pieces.

Inventory:

Hand Weapons
 a - a +2 double sword of draining (weapon)
 b - a +2 dagger of venom
 S - a +5 broad axe
 T - a +1 dagger of electrocution
Missiles
 d - 3 throwing nets
 e - a javelin
 t - 58 stones
 u - 39 poisoned darts (quivered)
 y - 8 curare-tipped darts
 R - 30 boomerangs
Armour
 c - a +0 helmet (worn)
 k - the +1 pair of boots of Megoc {rPois rF+ rC- Int+6}
   (You found it on level 8 of the Dungeon)

   Int:       It affects your intelligence (+6).
   rF:        It protects you from fire.
   rC:        It makes you vulnerable to cold.
   rPois:     It protects you from poison.
 r - a +0 cloak (worn)
 x - a +1 pair of boots (worn)
 K - a +0 troll leather armour (worn)
 L - the +1 robe of Ecom {Contam Drain rC+++ Dex+8}
   (You took it off a gnoll on level 4 of the Dungeon)

   Dex:       It affects your dexterity (+8).
   rC:        It renders you almost immune to cold.
   Contam:    It causes magical contamination when unequipped.
   Drain:     It drains your maximum health when unequipped.
Jewellery
 j - a +6 ring of intelligence (left hand)
 o - a +4 ring of slaying (right hand)
 p - a ring of poison resistance
 N - an amulet of the acrobat (around neck)
 Q - a ring of magical power
 U - a ring of protection from cold
Wands
 C - a wand of paralysis (2)
 X - a wand of flame (4)
 Z - a wand of digging (6)
Scrolls
 h - 3 scrolls of enchant armour
 l - 2 scrolls of fog
 m - 5 scrolls of teleportation
 n - a scroll of magic mapping
 s - 7 scrolls of identify
 A - a scroll of immolation
 I - 4 scrolls of amnesia
 M - a scroll of blinking
 Y - 2 scrolls of fear
Potions
 f - 2 potions of degeneration
 g - a potion of berserk rage {unknown}
 i - 2 potions of attraction {unknown}
 q - 2 potions of flight {unknown}
 v - 2 potions of brilliance {unknown}
 w - 2 potions of ambrosia
 z - 2 potions of cancellation {unknown}
 B - 2 potions of mutation {unknown}
 D - 2 potions of heal wounds
 E - 6 potions of curing
 F - 2 potions of magic {unknown}
 G - a potion of might {unknown}
 H - a potion of invisibility {unknown}
 V - a potion of resistance {unknown}
 W - a potion of haste
Miscellaneous
 J - a phantom mirror (inert)


   Skills:
 * Level 6.6 Fighting
 * Level 7.4(8.6) Short Blades
 * Level 6.6(8.2) Long Blades
 * Level 5.8 Throwing
 * Level 7.7 Armour
 * Level 6.6 Dodging
 + Level 1.2 Stealth
 * Level 5.7 Spellcasting
 * Level 2.2 Summonings
 * Level 5.4 Invocations
 * Level 4.0 Evocations


You had 18 spell levels left.
You knew the following spells:

 Your Spells              Type           Power      Damage    Failure   Level
a - Call Canine Familiar  Summ           22%        N/A       7%          3

Your spell library contained the following spells:

 Spells                   Type           Power      Damage    Failure   Level
 Summon Small Mammal      Summ           88%        N/A       2%          1
 Apportation              Tloc           16%        N/A       6%          1
 Freeze                   Ice            32%        1d5       6%          1
 Ensorcelled Hibernation  Hex/Ice        16%        N/A       9%          2
 Lesser Beckoning         Tloc           16%        N/A       9%          2
 Summon Guardian Golem    Hex/Summ       15%        N/A       12%         3
 Frozen Ramparts          Ice            16%        1d3       19%         3
 Gell's Gravitas          Tloc           8%         N/A       19%         3
 Hailstorm                Conj/Ice       8%         3d4       19%         3
 Ignite Poison            Fire/Tmut/Pois 8%         N/A       19%         3
 Kindle Blastsparks       Fire/Tloc/Air  16%        2d11      19%         3
 Spider Form              Tmut/Pois      8%         N/A       19%         3
 Teleport Other           Tloc           8%         N/A       19%         3
 Anguish                  Hex/Necr       4%         N/A       52%         4
 Manifold Assault         Tloc           8%         N/A       52%         4
 Petrify                  Tmut/Erth      8%         N/A       52%         4
 Alistair's Intoxication  Tmut/Pois      5%         N/A       86%         5
 Freezing Cloud           Conj/Ice/Air   4%         6-21      86%         5
 Metabolic Englaciation   Hex/Ice        4%         N/A       86%         5
 Dispersal                Tloc           4%         N/A       100%        6
 Statue Form              Tmut/Erth      5%         N/A       100%        6
 Disjunction              Tloc           4%         N/A       100%        8


Dungeon Overview and Level Annotations

Branches:
Dungeon (12/15)            Temple (1/1) D:4            Lair (0/5) D:11
    Orc (0/2) D:11         Bailey (visited)

Altars:
Ashenzari
Cheibriados
Dithmenos
Fedhas
Gozag
Hepliaklqana
Kikubaaqudgha
Makhleb
Nemelex Xobeh
Okawaru
Qazlal
Ru
Sif Muna
Trog
Uskayaw
Vehumet
Wu Jian
Xom
Yredelemnul

Shops:
D:2 =   D:9 ([   D:11 *

Annotations:
D:7 1 runed translucent door, Touch's ghost, novice DjVM
D:9 3 runed translucent doors, Kabixx's ghost, novice DsFE; P0WERM0DE's ghost, novice DrEE; Thjof's ghost, novice TeAE; svtm's ghost, journeyman MiFi
D:10 2 transporters, ouz's ghost, novice GrEE
D:12 Snorg


Innate Abilities, Weirdness & Mutations

You are mostly covered in yellow scales. (AC +3)
Your demonic aura sometimes causes spilled blood to erupt in flames.
You regenerate a little health from kills.
Your touch may inflict irresistible damage on your foes.


Message History

The manticore closely misses you.
You have turned to stone.
The troll bites you but does no damage. The troll claws you!
The troll claws you but does no damage. The manticore bites you.
The manticore claws you.
The manticore claws you but does no damage.
The manticore bites you.
The manticore claws you. x2; The troll bites you!
The troll claws you. x2
Your troll is engulfed in calcifying dust.
Your troll stops moving altogether!
The troll bites you! The troll claws you but does no damage.
The troll claws you. The manticore bites you. The manticore claws you!
The manticore claws you.
A catoblepas comes into view.
The red ugly thing barely misses you.
The manticore bites you but does no damage.
The manticore claws you. x2
Your troll is engulfed in calcifying dust.
The troll bites you! The troll claws you. x2
Your troll shimmers and vanishes!
The red ugly thing engulfs you!
* * * LOW HITPOINT WARNING * * *
You are engulfed in flames!
* * * LOW HITPOINT WARNING * * *
The manticore bites you.
The manticore claws you but does no damage.
The manticore completely misses you. The troll bites you but does no damage.
The troll claws you but does no damage. x2
A howler monkey comes into view.
The howler monkey howls!
The red ugly thing engulfs you!
* * * LOW HITPOINT WARNING * * *
You are engulfed in flames!
* * * LOW HITPOINT WARNING * * *
The manticore bites you.
* * * LOW HITPOINT WARNING * * *
The manticore claws you. x2
* * * LOW HITPOINT WARNING * * *
The troll bites you but does no damage. The troll claws you but does no damage.
The troll claws you.
You die...

### ..# #. ♣♣.♣♣# ♣.♣ .#
#. #.#♣.♣♣.# ♣.♣ #.# #
#.#.♣♣..#♣♣Y♣♣ #.# #
..#.♣..♣#♣...♣ #.# ##
#.#...♣♣ ♣...♣ #.###.
#.#..♣♣ ♣...♣ ♣♣♣ #....#
#.#)♣♣♣♣♣♣T.(♣♣♣.♣.♣#.#.##
#..h...((@H...).♣♣♣...#.#
#.#.♣♣♣♣♣♣u..♣♣♣.♣.♣#...#
#.#.♣ ♣(..♣#.♣♣♣.#.###
#.#.♣ ♣(..♣#...).#.# #.#.♣
♣...♣#.....#.# # #.#..
♣♣.♣♣#.....#.# ## #.#..
♣.♣ #♣...♣#.###. #.#.♣ ♣.♣
♣♣.♣♣#.##.. ###
#######..+..


You could see a catoblepas, a red ugly thing, a manticore, a troll and a howler
monkey.

Vanquished Creatures
  An orc warlord (Bailey)
  3 two-headed ogres
  Sonja (D:12)
  A manticore (D:11)
  A cyclops (D:10)
  2 gargoyles (D:12)
  Psyche (D:8)
  An unseen horror (D:10)
  4 trolls
  2 hornets (D:8)
  A wolf spider simulacrum (D:12)
  Sigmund (D:3)
  A wyvern (D:9)
  4 wraiths (D:12)
  A shadow (D:10)
  10 yaks
  2 basilisks
  Grum (D:11)
  Duvessa (D:5)
  A water moccasin (D:7)
  4 black bears
  5 orc warriors
  A sky beast (D:6)
  2 ogres
  2 wolves (D:11)
  6 centaurs (D:11)
  A phantom (D:5)
  4 kobold brigands
  3 bullfrogs
  6 scorpions
  Dowan (D:5)
  7 killer bees
  2 howler monkeys
  3 hounds
  4 jellies
  11 orc priests
  3 gnoll boudas
  15 orc wizards
  3 iguanas
  Robin (D:3)
  12 gnolls
  9 adders
  A shadow imp (D:5)
  2 white imps
  An ufetubus (D:5)
  A worm (D:2)
  2 dart slugs
  42 orcs
  A ball python (D:2)
  4 bats
  5 endoplasms
  3 giant cockroaches
  19 goblins
  14 hobgoblins
  2 jackals (D:3)
  4 quokkas
  6 frilled lizards
  40 kobolds
  2 rats (D:1)
  A spectral hobgoblin (D:9)
295 creatures vanquished.

Vanquished Creatures (others)
  A kobold (D:8)
  8 fungi
  4 plants
  5 withered plants (D:5)
18 creatures vanquished.

Grand Total: 313 creatures vanquished

Notes
Turn   | Place    | Note
-------+----------+-------------------------------------------
     0 | D:1      | Morbidden the Demonspawn Gladiator began the quest for the
                  | Orb.
     0 | D:1      | Reached XP level 1. HP: 16/16 MP: 1/1
   352 | D:1      | Gained mutation: Your demonic aura sometimes causes spilled
                  | blood to erupt in flames. [demonic ancestry]
   352 | D:1      | Reached XP level 2. HP: 22/22 MP: 2/2
   500 | D:1      | Found a faded altar of an unknown god.
  1138 | D:2      | Reached skill level 1 in Armour
  1301 | D:2      | Reached XP level 3. HP: 22/27 MP: 3/3
  1538 | D:2      | Found Iwoyrph's Jewellery Emporium.
  1776 | D:3      | Noticed Sigmund
  1780 | D:3      | HP: 1/27 [white imp/puff of frost (11)]
  2277 | D:3      | Reached XP level 4. HP: 33/33 MP: 4/4
  2288 | D:3      | Killed Sigmund
  2289 | D:3      | Reached skill level 1 in Short Blades
  2289 | D:3      | Reached skill level 1 in Spellcasting
  2289 | D:3      | Gained mutation: Your touch may inflict minor irresistible
                  | damage on your foes. [demonic ancestry]
  2289 | D:3      | Reached XP level 5. HP: 30/39 MP: 4/6
  2765 | D:3      | Noticed Robin
  2791 | D:3      | Gained mutation: Your touch may inflict irresistible damage
                  | on your foes. [demonic ancestry]
  2791 | D:3      | Reached XP level 6. HP: 39/46 MP: 7/7
  2801 | D:3      | Killed Robin
  3105 | D:4      | You fall into a shaft and drop 2 floors!
  3124 | D:5      | Entered Level 5 of the Dungeon
  3294 | D:5      | Found an ancient bone altar of Kikubaaqudgha.
  3344 | D:5      | Noticed Duvessa
  3344 | D:5      | Noticed Dowan
  3352 | D:5      | Killed Duvessa
  3353 | D:5      | Reached XP level 7. HP: 41/52 MP: 9/9
  3366 | D:5      | Killed Dowan
  3830 | D:4      | Found a staircase to the Ecumenical Temple.
  3840 | Temple   | Entered the Ecumenical Temple
  3959 | D:4      | Identified the +1 robe of Ecom {Contam Drain rC+++ Dex+8}
  3983 | D:4      | Reached XP level 8. HP: 29/58 MP: 11/11
  4502 | D:4      | Found an iron altar of Okawaru.
  4502 | D:4      | Found a radiant altar of Vehumet.
  4503 | D:4      | Found an opulent altar of Gozag.
  4910 | D:5      | Found a blossoming altar of Fedhas.
  5686 | D:6      | Reached skill level 5 in Armour
  5820 | D:6      | Gained mutation: You are partially covered in yellow
                  | scales. (AC +2) [demonic ancestry]
  5820 | D:6      | Reached XP level 9. HP: 49/65 MP: 12/12
  6024 | D:7      | Reached skill level 5 in Short Blades
  6024 | D:7      | Reached skill level 5 in Dodging
  6246 | D:7      | Found a snail-covered altar of Cheibriados.
  6288 | D:7      | Found a shimmering altar of Xom.
  6288 | D:7      | Found a runed translucent door.
  6293 | D:7      | Noticed Touch's ghost (novice DjVM)
  6309 | D:7      | Reached skill level 5 in Long Blades
  6383 | D:7      | Became a worshipper of Cheibriados the Contemplative
  6722 | D:7      | Found an ornate altar of the Wu Jian Council.
  6822 | D:8      | Reached skill level 1 in Evocations
  6840 | D:8      | Reached skill level 1 in Invocations
  7052 | D:8      | Noticed Psyche
  7065 | D:8      | Killed Psyche
  7066 | D:8      | Reached skill level 5 in Fighting
  7083 | D:8      | Reached * piety under Cheibriados
  7204 | D:8      | Identified the +1 pair of boots of Megoc {rPois rF+ rC-
                  | Int+6}
  7429 | D:9      | Found a runed translucent gate.
  7429 | D:9      | Found a runed translucent gate.
  7429 | D:9      | Noticed Thjof's ghost (novice TeAE)
  7429 | D:9      | Noticed Kabixx's ghost (novice DsFE)
  7429 | D:9      | Noticed P0WERM0DE's ghost (novice DrEE)
  7430 | D:9      | Found a runed translucent gate.
  7430 | D:9      | Noticed svtm's ghost (journeyman MiFi)
  7756 | D:9      | Found Ohodwo's Antique Armour Emporium.
  7872 | D:9      | Found a sparkling altar of Nemelex Xobeh.
  7939 | D:9      | Gained mutation: You are mostly covered in yellow scales.
                  | (AC +3) [demonic ancestry]
  7939 | D:9      | Reached XP level 10. HP: 74/74 MP: 15/15
  8126 | D:9      | Found Rixat's Weapon Boutique.
  8138 | D:9      | Reached ** piety under Cheibriados
  8205 | D:9      | Found a hazy altar of Hepliaklqana.
  8310 | D:10     | Entered Level 10 of the Dungeon
  8380 | D:10     | Noticed a cyclops
  8384 | D:10     | Killed a cyclops
  8388 | D:10     | Found a shadowy altar of Dithmenos.
  8461 | D:10     | Found a flagged portal.
  8480 | Bailey   | Entered a bailey
  8606 | Bailey   | Noticed an orc warlord
  8811 | Bailey   | Found a runed translucent gate.
  8811 | Bailey   | Found a runed translucent gate.
  8811 | Bailey   | Found a runed translucent gate.
  8871 | Bailey   | Reached *** piety under Cheibriados
  8999 | Bailey   | Acquired a manual of Fighting
  9094 | Bailey   | Killed an orc warlord
  9095 | Bailey   | Reached skill level 1 in Stealth
  9351 | Bailey   | Acquired a manual of Spellcasting
  9361 | Bailey   | Learned a level 3 spell: Call Canine Familiar
  9458 | D:10     | Noticed a two-headed ogre
  9463 | D:10     | Killed a two-headed ogre
  9464 | D:10     | Gained mutation: You regenerate a little health from kills.
                  | [demonic ancestry]
  9464 | D:10     | Reached XP level 11. HP: 81/81 MP: 17/17
  9517 | D:10     | Found a transporter.
  9520 | D:10     | Found a transporter.
  9524 | D:10     | Noticed ouz's ghost (novice GrEE)
  9646 | D:10     | Found a stormy altar of Qazlal.
  9885 | D:11     | Noticed Grum
  9897 | D:11     | Killed Grum
 10064 | D:11     | Reached skill level 5 in Throwing
 10066 | D:11     | Reached **** piety under Cheibriados
 10311 | D:11     | Reached skill level 1 in Summonings
 10448 | D:11     | Found a staircase to the Lair.
 10546 | D:11     | Noticed a two-headed ogre
 10558 | D:11     | Killed a two-headed ogre
 10576 | D:11     | Acquired a +2 double sword of draining
 10599 | D:11     | Found a staircase to the Orcish Mines.
 10639 | D:11     | Found Sesisedgh's Assorted Antiques.
 10869 | D:12     | Noticed Snorg
 10909 | D:12     | Noticed a boulder beetle
 10970 | D:12     | Noticed Sonja
 10972 | D:12     | Noticed a two-headed ogre
 10980 | D:12     | Killed a two-headed ogre
 10981 | D:12     | Reached skill level 5 in Spellcasting
 10983 | D:12     | Killed Sonja
 11169 | D:12     | Reached skill level 5 in Invocations
 11229 | D:12     | Noticed a red ugly thing
 11236 | D:12     | Noticed a catoblepas
 11238 | D:12     | HP: 3/83 [manticore (2)]
 11238 | D:12     | HP: 1/83 [manticore (2)]
 11238 | D:12     | Slain by a troll

Illustrated notes

Levels and vault maps discovered:
D:1:      dpeg_arrival_radiant, layout_basic, serial_glass, glass_columns_a,
          glass_columns_b, shapermc_ecumenical_altar_gd, minivault_19
D:2:      layout_loops_ring, serial_shops,
          nicolae_shop_temple_entry_statues_fountains, minmay_misc_feat_roman,
          minmay_ruptured
D:3:      layout_basic, uniq_robin, uniq_sigmund
D:4:      layout_loops_ring, gammafunk_temple_overflow_claw, temple_fountains
D:5:      dreamdust_elfheim, layout_loops_ring, kiku_gazebo_garden_becter,
          kennysheep_mini_moat, grunt_ministairs_10, uniq_duvessa
D:6:      layout_basic
D:7:      layout_basic, nicolae_wu_jian_glorious_leap,
          mainiacjoe_overflow_catch_the_wave, hellmonk_ghost_happy_afterlife
D:8:      layout_rooms, uniq_psyche
D:9:      layout_long_grid, nicolae_hepliaklqana_monster_ancestors,
          general_overflow_altar, serial_shops, shop, nicolae_shop_behind_doors,
          gammafunk_ghost_cemetery
D:10:     layout_basic, nicolae_qazlal_style_of_elements,
          grunt_dithmenos_smoke_and_mirrors, enter_bailey_4,
          gammafunk_ghost_hive
D:11:     layout_loops_cross, grunt_lair_entry_orc_guard_hut, orc_0_dummy,
          serial_shops, nicolae_shop_trees, statue_in_the_mist_lemuel,
          kennysheep_crisscross, uniq_grum
D:12:     nzn_winding_woodlands_three_and_one
          [nzn_winding_woodlands_5x15_parted,
          nzn_winding_woodlands_5x15_default,
          nzn_winding_woodlands_5x15_pockets,
          nzn_winding_woodlands_center_pierced_h], layout_loops_corners,
          uniq_snorg, uniq_sonja
Temple:   nicolae_temple_ecumenical_triangle

Skill      XL: |  1  2  3  4  5  6  7  8  9 10 11 |
---------------+----------------------------------+-----
Armour         | 1 2 3 5 7 |  7.7
Long Blades    | 3 4 5 6 |  6.6
Dodging        | 3 4 5 6 |  6.6
Short Blades   | 1 2 3 4 6 7 |  7.4
Throwing       | 2 3 4 5 |  5.8
Spellcasting   | 1 2 3 4 5 |  5.7
Fighting       | 3 4 5 6 |  6.6
Evocations     | 2 3 4 |  4.0
Invocations    | 2 4 5 |  5.4
Stealth        | 1 |  1.2
Summonings     | 2 |  2.2

Action                     |  1- 3 |  4- 6 |  7- 9 | 10-12 || total
---------------------------+-------+-------+-------+-------++-------
  Melee: Long sword        |    74 |       |     3 |    36 ||   113
         Punch             |     1 |     2 |     1 |     6 ||    10
         Dagger            |     7 |    91 |   334 |   167 ||   599
         Touch             |       |    10 |    71 |    64 ||   145
         Double sword      |       |       |       |    41 ||    41
  Throw: Stone             |     9 |     2 |     8 |    31 ||    50
         Dart              |     1 |     5 |    27 |    50 ||    83
         Javelin           |     1 |       |     1 |       ||     2
 Invoke: Slouch            |       |       |       |     1 ||     1
  Evoke: Wand              |       |       |       |     2 ||     2
         Phantom mirror    |       |       |       |     1 ||     1
    Use: Potion            |     2 |       |       |     1 ||     3
         Scroll            |       |       |       |    19 ||    19
 Armour: Leather armour    |    31 |    30 |       |       ||    61
         Scale mail        |       |       |   144 |    93 ||   237
         Troll leather arm |       |       |       |    32 ||    32
  Dodge: Dodged            |    57 |    53 |   175 |   200 ||   485

Table legend: (Time is in decaauts)
 A = Elapsed time spent in this place.
 B = Non-inter-level travel time spent in this place.
 C = Inter-level travel time spent in this place.
 D = Time resting spent in this place.
 E = Time spent auto-exploring this place.
 F = Levels seen in this place.
 G = Mean time per level.
                   A        B        C        D        E       F      G
               +--------+--------+--------+--------+--------+-----+--------+
         Total |  12556 |  12015 |    541 |    946 |   8775 |  14 |  896.9 |
       Dungeon |  11445 |  10917 |    528 |    649 |   8241 |  12 |  953.8 |
        Temple |     54 |     41 |     13 |      0 |     35 |   1 |   54.0 |
        Bailey |   1056 |   1056 |      0 |    296 |    498 |   1 | 1056.0 |
               +--------+--------+--------+--------+--------+-----+--------+

Top non-repeatable levels by time:
    D:11: 1366 daAuts
     D:9: 1119 daAuts
     D:5: 1111 daAuts
  Bailey: 1056 daAuts
     D:4: 1041 daAuts
     D:2: 1026 daAuts
     D:1: 1019 daAuts
     D:7: 903 daAuts
     D:6: 850 daAuts
     D:3: 850 daAuts
    D:10: 836 daAuts
     D:8: 720 daAuts
    D:12: 599 daAuts
  Temple: 54 daAuts
